 Dungeon Crawl Stone Soup version 0.27.1 (webtiles) character file.

Game seed: 16237441366194998494

60 rel the Cutter (level 4, -4/43 HPs)
             Began as a Kobold Berserker on Aug 22, 2021.
             Was a Follower of Trog.
             Slain by Crazy Yiuf (18 damage)
             ... on level 2 of the Dungeon.
             The game lasted 00:05:37 (3103 turns).

rel the Cutter (Kobold Berserker)                   Turns: 3103, Time: 00:05:38

Health: -4/43      AC:  2    Str: 15    XL:     4   Next: 25%
Magic:  1/4        EV: 19    Int:  8    God:    Trog [*.....]
Gold:   28         SH:  0    Dex: 14    Spells: 3/3 levels left

rFire    . . .     SeeInvis .   d - +0 short sword (flame)
rCold    . . .     Faith    .   (shield restricted)
rNeg     . . .     Spirit   .   b - +0 animal skin
rPois    .         Reflect  .   (no helmet)
rElec    .         Harm     .   (no cloak)
rCorr    .         Rampage  .   (no gloves)
Will     .....                  (no boots)
Stlth    ..........             c - amulet of the acrobat
HPRegen  0.14/turn              e - +4 ring of evasion
MPRegen  0.09/turn              (no ring)

@: berserking, very slightly contaminated, invisible, very quick
A: small, no large weapons, nightstalker 3
a: Renounce Religion, Berserk


You were on level 2 of the Dungeon.
You worshipped Trog.
Trog was aware of your devotion.
You visited 1 branch of the dungeon, and saw 2 of its levels.

You collected 28 gold pieces.

Inventory:

Hand Weapons
 d - a +0 short sword of flaming (weapon)
Armour
 b - a +0 animal skin (worn)
Jewellery
 c - an amulet of the acrobat (around neck)
 e - a +4 ring of evasion (left hand)
Scrolls
 f - a scroll of fog {unknown}
 g - a scroll of summoning {unknown}
Potions
 a - 2 potions of magic {unknown}


   Skills:
 + Level 3.7 Fighting
 + Level 5.0 Short Blades
 + Level 1.7 Armour
 + Level 3.1 Dodging
 + Level 2.1 Stealth


You had 3 spell levels left.
You didn't know any spells.
Your spell library was empty.

Dungeon Overview and Level Annotations

Branches:
Dungeon (2/15)

Altars:

Annotations:
D:2 Crazy Yiuf


Innate Abilities, Weirdness & Mutations

You are small and have problems with some larger weapons.
You are completely attuned to the shadows.


Message History

You see here a giant cockroach corpse.
There is a stone staircase leading down here.
You see here a +0 hunting sling.
You see here 19 stones.
A bat comes into view.
The bat moves out of view.
A bat is nearby!
You hit the bat. You burn the bat.
You kill the bat!
Trog accepts your kill.
You see here a bat corpse.
You open the door.
There is an open door here.
You open the door.
There is an open door here.
You open the door.
Found a metallic amethyst potion.
There is an open door here.
a - 2 metallic amethyst potions (gained 1)
Found a runed translucent door.
Found a mace.
You open the door.
Crazy Yiuf shouts!
Crazy Yiuf drinks a potion.
Crazy Yiuf flickers and vanishes!
Deactivating autopickup; reactivate with Ctrl-A.
There is an open translucent door here.
Something closely misses you.
You closely miss something. Something hits you!
You hit something. You burn something. Something closely misses you.
A red film seems to cover your vision as you go berserk!
You feel yourself moving faster!
You feel mighty! Something hits you!
You feel your power leaking away.
You completely miss something. You closely miss something. Something hits you.
You fade into invisibility!
You are very lightly contaminated with residual magic.
You closely miss something. You closely miss something.
Something barely misses you.
You barely miss something. Something hits you!!
You die...

#### #..# #..# #####
♣♣##..# ## #)..#♣♣
♣♣.....# #.
#.{@'.♣♣♣♣......# #.
#...#♣..♣.......###.
#####♣♣♣.♣......'.'.
♣♣♣♣♣##..###.
######. #####...###
#.......# #.......#
#.......#


There were no monsters in sight!

Vanquished Creatures
  A hound skeleton (D:2)
  2 worms (D:2)
  A dart slug (D:2)
  4 endoplasms
  A giant cockroach (D:2)
  5 goblins (D:1)
  2 hobgoblins
  5 quokkas
  6 bats
  2 frilled lizards
  3 kobolds
  7 rats
39 creatures vanquished.

Notes
Turn   | Place    | Note
-------+----------+-------------------------------------------
     0 | D:1      | rel the Kobold Berserker began the quest for the Orb.
     0 | D:1      | Reached XP level 1. HP: 14/14 MP: 1/1
   553 | D:1      | Reached XP level 2. HP: 19/19 MP: 2/2
  1236 | D:1      | Reached XP level 3. HP: 15/23 MP: 3/3
  2300 | D:2      | Reached skill level 1 in Stealth
  2547 | D:2      | Reached XP level 4. HP: 25/29 MP: 4/4
  2890 | D:2      | Reached skill level 5 in Short Blades
  3089 | D:2      | Found a runed translucent door.
  3092 | D:2      | Noticed Crazy Yiuf
  3103 | D:2      | Slain by Crazy Yiuf

Illustrated notes

Levels and vault maps discovered:
D:1:      dpeg_arrival_subterranean_lakeside_camping, layout_basic
D:2:      layout_basic, serial_glass, glass_columns_c, glass_columns_b,
          uniq_crazy_yiuf_cottage

Skill      XL: |  1  2  3  4 |
---------------+-------------+-----
Dodging        | 3 |  3.1
Stealth        | 1 2 |  2.1
Short Blades   | 5 |  5.0
Fighting       | |  3.7
Armour         | |  1.7

Action                   |  1- 3 |  4- 6 || total
-------------------------+-------+-------++-------
Melee: Short sword       |   113 |    17 ||   130
Invok: Berserk           |     4 |     1 ||     5
  Use: Scroll            |     1 |       ||     1
 Stab: Sleeping          |    10 |     3 ||    13
Armor: Animal skin       |    24 |     1 ||    25
Dodge: Dodged            |    72 |     9 ||    81
